 Dungeon Crawl Stone Soup version 0.30-a0-459-g9104f0fc43 (webtiles) character file.

Game seed: 6459266413855650981

56 oldriver the Shooter (level 3, -1/28 HPs)
             Began as a Barachi Hexslinger on Dec 15, 2022.
             Killed by divine providence
             ... invoked by an orc priest
              (15 damage)
             ... on level 3 of the Dungeon.
             The game lasted 00:02:38 (1866 turns).

oldriver the Shooter (Barachi Hexslinger)           Turns: 1866, Time: 00:02:38

Health: -1/28      AC:  2    Str: 11    XL:     3   Next: 97%
Magic:  4/4        EV: 12    Int: 13    God:
Gold:   140        SH:  0    Dex: 14    Spells: 3/4 levels left

rFire   . . .      SeeInvis .    a - +1 sling
rCold   . . .      Faith    .    (no shield)
rNeg    . . .      Spirit   .    c - +0 robe
rPois   .          Reflect  .    (no helmet)
rElec   .          Harm     .    (no cloak)
rCorr   .          Rampage  .    (no gloves)
Will    .....                    (no boots)
Stlth   +.........               (no amulet)
HPRegen 0.24/turn                (no ring)
MPRegen 0.09/turn                (no ring)

@: unable to hop, slow
A: amphibious, slowness 1, strong legs 1, +LOS
a: Hop


You were on level 3 of the Dungeon.
You visited 1 branch of the dungeon, and saw 3 of its levels.

You collected 140 gold pieces.

Inventory:

Hand Weapons
 a - a +1 sling (weapon)
Armour
 c - a +0 robe (worn)
Scrolls
 b - 2 scrolls of immolation {unknown}
 h - 2 scrolls of silence {unknown}
 i - a scroll of brand weapon {unknown}
 j - 3 scrolls of identify {unknown}
 l - a scroll of vulnerability {unknown}
 m - a scroll of enchant weapon {unknown}
Potions
 d - 2 potions of brilliance {unknown}
 e - a potion of cancellation {unknown}
 f - a potion of curing {unknown}
 g - a potion of invisibility {unknown}
 k - a potion of lignification {unknown}
 n - a potion of heal wounds {unknown}


   Skills:
 + Level 2.6 Fighting
 * Level 3.5 Ranged Weapons
 - Level 2.1 Dodging
 - Level 1.1 Spellcasting
 - Level 3.2 Hexes


You had 3 spell levels left.
You knew the following spells:

 Your Spells              Type           Power      Damage    Failure   Level
a - Slow                  Hex            36%        N/A       8%          1

Your spell library contained the following spells:

 Spells                   Type           Power      Damage    Failure   Level
 Cigotuvi's Dreadful Rot  Necr/Pois/Air  0%         N/A       38%         2
 Inner Flame              Hex/Fire       4%         N/A       38%         3
 Portal Projectile        Hex/Tloc       8%         N/A       38%         3
 Cause Fear               Hex            4%         N/A       58%         4
 Dispel Undead            Necr           0%         3d6       95%         4
 Death Channel            Necr           0%         N/A       100%        6


Dungeon Overview and Level Annotations

Branches:
Dungeon (3/15)

Altars:
Fedhas


Innate Abilities, Weirdness & Mutations

You are amphibious.
You cover ground slowly.
You can hop short distances.
You have an extended range of vision and can be seen from far away.


Message History

You are too injured to fight recklessly!
You are too injured to fight recklessly!
You are too injured to fight recklessly!
You are too injured to fight recklessly!
You are too injured to fight recklessly!
You are too injured to fight recklessly!
You are too injured to fight recklessly!
You are too injured to fight recklessly!
You are too injured to fight recklessly!
You are too injured to fight recklessly!
You are too injured to fight recklessly!
Unknown command.
Hop to where?
Press: ? - help, Dir - move target, p - orc priest Boing!
Unknown command.
You are too injured to fight recklessly!
You are too injured to fight recklessly!
Fire: a) +1 sling
Press: ? - help, Shift-Dir - straight line, f - orc priest
Aim: an orc priest, wielding a +1 short sword of speed and wearing a +0 ring mail (sparse dust, severely wounded, 63% to hit)
You shoot a sling bullet.
The sling bullet hits the orc priest but does no damage.
The orc priest is severely wounded.
Fire: a) +1 sling
Press: ? - help, Shift-Dir - straight line, f - orc
Aim: an orc, wielding a +0 dagger and wearing a +1 chain mail of poison resistance (67% to hit)
You shoot a sling bullet. The sling bullet hits the orc.
The orc is severely wounded.
Unknown command.
Fire: a) +1 sling
Press: ? - help, Shift-Dir - straight line, f/p - orc
Aim: an orc, wielding a +0 dagger and wearing a +1 chain mail of poison resistance (severely wounded, 67% to hit)
You shoot a sling bullet.
The sling bullet hits the orc but does no damage.
The orc is severely wounded.
The orc priest calls down the wrath of Beogh upon you.
Beogh smites you!
Ouch! That really hurt!
You die...

#### #......'.≈.
..# #......'.≈
..# #......'. ..#
#......# ..#
######......# ..#
#...........###
..#
#.####........#
###
#..o.o........#
##.@###........#
#...###.#.###....
#.#........# ###
######
#.#####.#..#
.....#.#) #...#
#....#
.......#.###
#.#.# #.##.#
...........#
###.# #.# .#
.###.......#
#.###.# ##
...........#
#.....#


You could see an orc priest and an orc.

Vanquished Creatures
  A worm (D:1)
  A dart slug (D:1)
  6 endoplasms
  A giant cockroach (D:2)
  6 goblins
  6 hobgoblins (D:1)
  8 kobolds
  6 ball pythons
  4 bats
  4 frilled lizards
  5 rats
48 creatures vanquished.

Notes
Turn   | Place    | Note
-------+----------+-------------------------------------------
     0 | D:1      | oldriver the Barachi Hexslinger began the quest for the
                  | Orb.
     0 | D:1      | Reached XP level 1. HP: 15/15 MP: 2/2
    96 | D:1      | Reached XP level 2. HP: 22/22 MP: 3/3
   509 | D:1      | Reached XP level 3. HP: 27/27 MP: 4/4
  1038 | D:2      | Found a faded altar of an unknown god.
  1731 | D:3      | Found a blossoming altar of Fedhas.
  1866 | D:3      | Killed from afar by an orc priest

Illustrated notes

Levels and vault maps discovered:
D:1:      dpeg_arrival_short_road, layout_rooms, chequers_jeans,
          nicolae_wormholes
D:2:      layout_loops_corners, shapermc_ecumenical_altar_gd
D:3:      layout_basic, mainiacjoe_overflow_alcove_4, fedhas_altar_2

Skill      XL: |  1  2 |
---------------+-------+-----
Fighting       | 2 |  2.6
Ranged Weapons | 3 |  3.5
Dodging        | |  2.1
Spellcasting   | |  1.1
Hexes          | |  3.2

Action                   || total
-------------------------++-------
 Fire: Sling             ||   177
 Cast: Slow              ||     3
 Abil: Hop               ||     6
  Use: Scroll            ||     2
Armor: Robe              ||    16
Dodge: Dodged            ||    55

Table legend: (Time is in decaauts)
 A = Elapsed time spent in this place.
 B = Non-inter-level travel time spent in this place.
 C = Inter-level travel time spent in this place.
 D = Time resting spent in this place.
 E = Time spent auto-exploring this place.
 F = Levels seen in this place.
 G = Mean time per level.
                   A        B        C        D        E       F      G
               +--------+--------+--------+--------+--------+-----+--------+
         Total |   2138 |   2109 |     29 |    343 |   1432 |   3 |  712.7 |
       Dungeon |   2138 |   2109 |     29 |    343 |   1432 |   3 |  712.7 |
               +--------+--------+--------+--------+--------+-----+--------+

Top non-repeatable levels by time:
     D:2: 989 daAuts
     D:1: 907 daAuts
     D:3: 241 daAuts
